 Dungeon Crawl Stone Soup version 0.28-a0-1510-gd0f6b136d3 (webtiles) character file.

Game seed: 7434992365145194218

72 kae the Insei (level 4, -3/32 HPs)
             Began as a Demonspawn Transmuter on Jan 14, 2022.
             Slain by Grinder (6 damage)
             ... while paralysed by Grinder
             ... on level 3 of the Dungeon.
             The game lasted 00:01:06 (2885 turns).

kae the Insei (Demonspawn Transmuter)               Turns: 2885, Time: 00:01:06

Health: -3/32      AC:  2    Str: 10    XL:     4   Next: 6%
Magic:  6/7        EV:  2    Int: 16    God:
Gold:   138        SH:  0    Dex: 14    Spells: 3/7 levels left

rFire   . . .      SeeInvis .   h - +6 hand axe of Aximant {elec, rPois}
rCold   . . .      Faith    .   (no shield)
rNeg    . . .      Spirit   .   a - +0 robe
rPois   +          Reflect  .   (helmet currently unavailable)
rElec   .          Harm     .   (no cloak)
rCorr   .          Rampage  .   (no gloves)
Will    .....                   (boots currently unavailable)
Stlth   +.........              (no amulet)
HPRegen 0.10/turn               (no ring)
MPRegen 0.10/turn               (no ring)

@: paralysed, appendages (expiring), very slightly contaminated
A: horns 2, talons 2, ignite blood 1, spiny 1
a: End Transformation


You were on level 3 of the Dungeon.
You had temporarily grown beastly horns and talons.
You visited 1 branch of the dungeon, and saw 3 of its levels.

You collected 138 gold pieces.

Inventory:

Hand Weapons
 h - the +6 hand axe of Aximant (weapon) {elec, rPois}
   (You found it on level 2 of the Dungeon)

   It occasionally discharges a powerful burst of electricity upon striking a
   foe.
   rPois:     It protects you from poison.
Armour
 a - a +0 robe (worn)
Scrolls
 c - 3 scrolls of identify
 d - 2 scrolls of enchant armour {unknown}
Potions
 b - 2 potions of degeneration {unknown}
 e - 2 potions of curing
 f - a potion of mutation
 g - a potion of ambrosia {unknown}


   Skills:
 + Level 1.5 Fighting
 + Level 2.1 Dodging
 * Level 3.3 Unarmed Combat
 + Level 2.2 Spellcasting
 * Level 2.6 Transmutations
 * Level 0.5 Poison Magic


You had 3 spell levels left.
You knew the following spells:

 Your Spells              Type           Power      Damage    Failure   Level
a - Beastly Appendage     Tmut           20%        N/A       7%          1
b - Spider Form           Tmut/Pois      6%         N/A       32%         3

Your spell library contained the following spells:

 Spells                   Type           Power      Damage    Failure   Level
 Wereblood                Tmut           10%        N/A       11%         2
 Ice Form                 Ice/Tmut       6%         N/A       75%         4


Dungeon Overview and Level Annotations

Branches:
Dungeon (3/15)

Altars:

Shops:
D:1 !

Annotations:
D:3 Grinder


Innate Abilities, Weirdness & Mutations

You have temporarily grown beastly horns and talons.
Your demonic aura sometimes causes spilled blood to erupt in flames.
You are partially covered in sharp spines.


Message History

No target in view!
No target in view!
Grinder and 2 jackals come into view.
Grinder gestures at you.
You barely resist. 2 jackals come into view.
Your transformation is almost over.
The jackal barks! x2
The jackal barks! x2
You slash Grinder! Your kick misses Grinder. Your headbutt misses Grinder.
Grinder is moderately wounded.
Grinder is struck by your spines. Grinder hits you.
There are monsters nearby!
There are monsters nearby!
You barely miss Grinder.
Grinder is moderately wounded.
Grinder is struck by your spines. Grinder hits you!
You writhe in agony.
Grinder gestures at you. You resist with significant effort.
You are too injured to fight recklessly!
Casting: Beastly Appendage (safe; 7% risk of failure)
Confirm with . or Enter, or press ? or * to list all spells.
You miscast Beastly Appendage.
You are very lightly contaminated with residual magic.
Nothing appears to happen.
Grinder gestures at you.
You suddenly lose the ability to move!
Grinder hits you.
You writhe in agony.
The jackal is struck by your spines. The jackal bites you. x2
The jackal is struck by your spines.
You kill the jackal!
Grinder gestures at you. You resist with significant effort.
The jackal bites you but does no damage.
The jackal is struck by your spines. The jackal bites you.
* * * LOW HITPOINT WARNING * * *
Grinder is struck by your spines. Grinder hits you.
* * * LOW HITPOINT WARNING * * *
You writhe in agony.
You die...

#.##.#######.#
#.##.# #.#
#.##.# #.# #.#
#.# #.# #.# # .
#.# #
....####.######
##
.....h5@........
.#
......hh......##
.#
..............#
.#
....[...?.....#
.##
..............#
..#
.##############
#.## .# #..# .#
##.###.##


You could see Grinder and 3 jackals.

Vanquished Creatures
  An adder (D:2)
  A worm (D:3)
  A dart slug (D:3)
  4 orcs
  5 ball pythons
  6 endoplasms
  A giant cockroach (D:2)
  10 goblins
  2 hobgoblins
  A jackal (D:3)
  A quokka (D:2)
  5 bats
  6 frilled lizards
  2 kobolds
  5 rats
51 creatures vanquished.

Notes
Turn   | Place    | Note
-------+----------+-------------------------------------------
     0 | D:1      | kae the Demonspawn Transmuter began the quest for the Orb.
     0 | D:1      | Reached XP level 1. HP: 15/15 MP: 3/3
   329 | D:1      | Gained mutation: You are partially covered in sharp spines.
                  | [demonic ancestry]
   329 | D:1      | Reached XP level 2. HP: 20/21 MP: 3/5
   485 | D:1      | Found Vamp's Distillery.
  1268 | D:2      | Reached skill level 3 in Unarmed Combat
  1387 | D:2      | Reached XP level 3. HP: 22/26 MP: 6/6
  1391 | D:2      | Learned a level 3 spell: Spider Form
  2068 | D:2      | Identified the +6 hand axe of Aximant {elec, rPois}
  2633 | D:3      | Gained mutation: Your demonic aura sometimes causes spilled
                  | blood to erupt in flames. [demonic ancestry]
  2633 | D:3      | Reached XP level 4. HP: 11/32 MP: 5/7
  2878 | D:3      | Noticed Grinder
  2882 | D:3      | Paralysed by Grinder for 6 turns
  2885 | D:3      | Slain by Grinder

Illustrated notes

Levels and vault maps discovered:
D:1:      elethiomel_arrival_infinity_welcomes_careful_drivers,
          layout_loops_ring, serial_shops, nicolae_diamond_shop,
          minmay_misc_feat_square, chequers_serial_rivers_micro_e
D:2:      layout_rooms
D:3:      layout_basic, uniq_grinder

Skill      XL: |  1  2 |
---------------+-------+-----
Transmutations | 2 |  2.6
Dodging        | 2 |  2.1
Unarmed Combat | 3 |  3.3
Fighting       | |  1.5
Spellcasting   | |  2.2
Poison Magic   | |  0.5

Action                   |  1- 3 |  4- 6 || total
-------------------------+-------+-------++-------
Melee: Unarmed           |    52 |       ||    52
       Kick              |    14 |     1 ||    15
       Headbutt          |     8 |     1 ||     9
       Hand axe          |    16 |     5 ||    21
 Cast: Beastly Appendage |    28 |     1 ||    29
  Use: Scroll            |     5 |       ||     5
Armor: Robe              |    11 |     1 ||    12
Dodge: Dodged            |    30 |     1 ||    31

Table legend: (Time is in decaauts)
 A = Elapsed time spent in this place.
 B = Non-inter-level travel time spent in this place.
 C = Inter-level travel time spent in this place.
 D = Time resting spent in this place.
 E = Time spent auto-exploring this place.
 F = Levels seen in this place.
 G = Mean time per level.
                   A        B        C        D        E       F      G
               +--------+--------+--------+--------+--------+-----+--------+
         Total |   2888 |   2801 |     87 |    266 |   2225 |   3 |  962.7 |
       Dungeon |   2888 |   2801 |     87 |    266 |   2225 |   3 |  962.7 |
               +--------+--------+--------+--------+--------+-----+--------+

Top non-repeatable levels by time:
     D:2: 1251 daAuts
     D:1: 1110 daAuts
     D:3: 526 daAuts
